 Dungeon Crawl Stone Soup version 0.27-a0-1296-g8ece459b43 (webtiles) character file.

Game seed: 12727764976403371589

474717 Conn the Archmage (level 23, -20/115 HPs)
             Began as a Deep Elf Fire Elementalist on June 15, 2021.
             Was a High Priest of Sif Muna.
             Shot with a bolt by a yaktaur captain (39 damage)
             ... on level 5 of the Vaults on June 16, 2021.
             The game lasted 05:05:25 (77570 turns).

Conn the Archmage (Deep Elf Fire Elementalist)     Turns: 77570, Time: 05:05:35

Health: -20/115    AC:  8    Str:  6    XL:     23   Next: 31%
Magic:  32/56      EV: 16    Int: 45    God:    Sif Muna [*****.]
Gold:   3620       SH: 14    Dex: 15    Spells: 8/76 levels left

rFire    + + +     SeeInvis .   b - staff of fire
rCold    + + .     Faith    .   Q - +3 buckler {rC+}
rNeg     + + +     Spirit   .   R - +1 robe {Archmagi}
rPois    +         Reflect  +   F - +2 hat {Int+3}
rElec    +         Harm     .   A - +2 cloak {rPois}
rCorr    +         Rampage  .   f - +2 pair of gloves
Will     +++..                  N - -5 pair of boots "Neas" {+Inv rElec Will++ Dex-2}
Stlth    +++.......             i - amulet of reflection
HPRegen  0.29/turn              B - ring of Perfectionism {rElec rN+++ Will- Int+6 Slay+5}
MPRegen  0.35/turn              O - ring of Tileuw {rPois rF+ Int+6}

@: resistant, very slightly contaminated
A: talons 1, agile 1, deterioration 1, mutation resistance 1
}: 3/15 runes: decaying, slimy, gossamer
a: Renounce Religion, Evoke Invisibility, Channel Magic, Forget Spell, Divine
Exegesis


You were on level 5 of the Vaults.
You worshipped Sif Muna.
Sif Muna was extremely pleased with you.
You visited 9 branches of the dungeon, and saw 45 of its levels.
You also visited: Bailey and Wizlab.

You collected 5637 gold pieces.
You spent 2017 gold pieces at shops.

Inventory:

Hand Weapons
 a - the +2 short sword of the Nexus {flame, rF- rCorr Int+5}
   (You found it on level 4 of the Dungeon)

   It has been specially enchanted to burn those struck by it, causing extra
   injury to most foes and up to half again as much damage against particularly
   susceptible opponents.
   It affects your intelligence (+5).
   It makes you vulnerable to fire.
   It protects you from acid and corrosion.
 D - the +7 rapier of Experimentation {speed, rF+}
   (You took it off a deep elf elementalist on level 3 of the Elven Halls)

   Attacks with this weapon are significantly faster.
   It protects you from fire.
 S - the +9 rapier "Voellic" {vorpal, +Blink rPois rC+}
   (You found it on level 1 of the Spider Nest)

   It inflicts extra damage upon your enemies.
   It protects you from cold.
   It protects you from poison.
   It lets you blink.
Missiles
 P - 6 boomerangs of dispersal (quivered)
Armour
 f - a +2 pair of gloves (worn)
 t - a +2 robe of resistance
 A - a +2 cloak of poison resistance (worn)
 F - a +2 hat of intelligence (worn)
 G - the +1 ring mail of the Butterfly {Rampage rF- Will++ Int+8 Stlth-}
   (You bought it in a shop on level 5 of the Dungeon)

   It affects your intelligence (+8).
   It makes you vulnerable to fire.
   It bestows one free step when moving towards enemies.
   It greatly increases your willpower.
   It makes you less stealthy.
 M - a +2 pair of boots of stealth
 N - the -5 pair of boots "Neas" (worn) {+Inv rElec Will++ Dex-2}
   (You found it on level 13 of the Dungeon)

   It affects your dexterity (-2).
   It insulates you from electricity.
   It lets you turn invisible.
   It greatly increases your willpower.
 Q - a +3 buckler of cold resistance (worn)
 R - a +1 robe of the Archmagi (worn)
 X - a +2 kite shield of reflection
Magical Staves
 b - a staff of fire (weapon)
 I - a staff of conjuration
Jewellery
 e - a +6 ring of strength
 i - an amulet of reflection (around neck)
 m - a ring of wizardry
 n - a ring of willpower
 r - a ring of fire
 v - a ring of wizardry
 x - a ring of see invisible
 B - the ring of Perfectionism (left hand) {rElec rN+++ Will- Int+6 Slay+5}
   (You found it in a wizard's laboratory)

   [ring of intelligence]

   It affects your intelligence (+6).
   It affects your accuracy and damage with ranged weapons and melee attacks
   (+5).
   It insulates you from electricity.
   It renders you almost immune to negative energy.
   It decreases your willpower.
 C - a ring of protection from fire
 K - a ring of ice
 L - a +4 ring of protection
 O - the ring of Tileuw (right hand) {rPois rF+ Int+6}
   (You found it in a wizard's laboratory)

   [ring of intelligence]

   It affects your intelligence (+6).
   It protects you from fire.
   It protects you from poison.
Wands
 c - a wand of digging (18)
 k - a wand of charming (28)
 y - a wand of iceblast (88)
 W - a wand of acid (36)
 Z - a wand of paralysis (6)
Scrolls
 g - 8 scrolls of amnesia
 l - 11 scrolls of teleportation
 o - 27 scrolls of identify
 p - 5 scrolls of summoning
 H - 5 scrolls of fear
 J - 5 scrolls of fog
 Y - 2 scrolls of holy word
Potions
 d - a potion of brilliance
 h - a potion of invisibility
 j - 4 potions of magic
 q - 7 potions of lignification
 u - 3 potions of haste
 w - 2 potions of heal wounds
 z - 10 potions of curing
 T - 5 potions of flight
 U - 2 potions of cancellation
 V - a potion of resistance


   Skills:
 + Level 3.6 Fighting
 + Level 4.1 Short Blades
 + Level 2.8 Maces & Flails
 + Level 0.9(2.5) Staves
 + Level 7.5 Armour
 + Level 9.1 Dodging
 + Level 6.7 Stealth
 + Level 7.0 Shields
 O Level 27 Spellcasting
 * Level 20.6 Conjurations
 + Level 5.6 Summonings
 + Level 7.6 Translocations
 * Level 22.3 Fire Magic
 + Level 5.1 Ice Magic
 + Level 6.3 Air Magic
 - Level 8.0 Invocations
 + Level 0.1 Evocations


You had 8 spell levels left.
You knew the following spells:

 Your Spells              Type           Power      Damage    Failure   Level
a - Foxfire               Conj/Fire      100%       2x1d9     0%          1
b - Conjure Flame         Conj/Fire      100%       6-21      0%          3
c - Inner Flame           Hex/Fire       100%       N/A       0%          3
d - Sticky Flame          Conj/Fire      100%       2d11      0%          4
e - Fireball              Conj/Fire      90%        3d33      0%          5
f - Freeze                Ice            100%       1d11      1%          1
g - Ozocubu's Armour      Ice            100%       N/A       1%          3
h - Hailstorm             Conj/Ice       100%       3d20      0%          4
i - Airstrike             Air            54%        N/A       1%          4
j - Orb of Destruction    Conj           76%        9d19      1%          7
k - Blink                 Tloc           N/A        N/A       0%          2
l - Spellforged Servitor  Conj/Summ      66%        N/A       1%          7
m - Mephitic Cloud        Conj/Pois/Air  100%       N/A       0%          3
n - Ignition              Fire           91%        3d23      1%          8
o - Iskenderun's Mystic   Conj/Tloc      100%       2d19      0%          4
p - Fire Storm            Conj/Fire      90%        8d23      3%          9

Your spell library contained the following spells:

 Spells                   Type           Power      Damage    Failure   Level
 Apportation              Tloc           100%       N/A       0%          1
 Magic Dart               Conj           100%       1d8       0%          1
 Shock                    Conj/Air       100%       1d9       0%          1
 Searing Ray              Conj           100%       3d7       0%          2
 Static Discharge         Conj/Air       100%       N/A       0%          2
 Dazzling Flash           Conj/Hex       100%       N/A       0%          3
 Stone Arrow              Conj/Erth      100%       3d13      0%          3
 Bolt of Magma            Conj/Fire/Erth 81%        4d31      0%          5
 Iskenderun's Battlesphe  Conj           100%       2d15      0%          5
 Starburst                Conj/Fire      90%        8x6d23    0%          6
 Animate Skeleton         Necr           100%       N/A       1%          1
 Beastly Appendage        Tmut           100%       N/A       1%          1
 Corona                   Hex            82%        N/A       1%          1
 Pain                     Necr           100%       1d9       1%          1
 Sandblast                Erth           100%       2d20      1%          1
 Sting                    Tmut/Pois      100%       1d8       1%          1
 Summon Small Mammal      Summ           100%       N/A       1%          1
 Call Imp                 Summ           100%       N/A       1%          2
 Corpse Rot               Necr/Air       N/A        N/A       1%          2
 Ensorcelled Hibernation  Hex/Ice        100%       N/A       1%          2
 Passwall                 Tmut/Erth      61%        N/A       1%          2
 Slow                     Hex            74%        N/A       1%          2
 Sublimation of Blood     Necr           37%        N/A       1%          2
 Wereblood                Tmut           74%        N/A       1%          2
 Call Canine Familiar     Summ           100%       N/A       1%          3
 Confusing Touch          Hex            74%        N/A       1%          3
 Frozen Ramparts          Ice            100%       1d12      1%          3
 Gell's Gravitas          Tloc           57%        N/A       1%          3
 Ignite Poison            Fire/Tmut/Pois 100%       N/A       1%          3
 Lesser Beckoning         Tloc           57%        N/A       1%          3
 Portal Projectile        Hex/Tloc       100%       N/A       1%          3
 Spider Form              Tmut/Pois      37%        N/A       1%          3
 Summon Guardian Golem    Hex/Summ       91%        N/A       1%          3
 Swiftness                Air            100%       N/A       1%          3
 Teleport Other           Tloc           100%       N/A       1%          3
 Tukima's Dance           Hex            74%        N/A       1%          3
 Animate Armour           Summ/Erth      100%       N/A       1%          4
 Fulminant Prism          Conj/Hex       62%        3d27      1%          4
 Ice Form                 Ice/Tmut       90%        N/A       1%          4
 Passage of Golubria      Tloc           N/A        N/A       1%          4
 Summon Ice Beast         Ice/Summ       100%       N/A       1%          4
 Summon Lightning Spire   Summ/Air       100%       N/A       1%          4
 Freezing Cloud           Conj/Ice/Air   62%        6-21      1%          5
 Irradiate                Conj/Tmut      62%        3d34      1%          5
 Lightning Bolt           Conj/Air       67%        1d91      1%          5
 Manifold Assault         Tloc           100%       N/A       1%          5
 Silence                  Hex/Air        46%        N/A       1%          5
 Summon Mana Viper        Hex/Summ       91%        N/A       1%          5
 Conjure Ball Lightning   Conj/Air       67%        3x3d25    1%          6
 Dispersal                Tloc           57%        N/A       1%          6
 Iron Shot                Conj/Erth      62%        9d12      1%          6
 Animate Dead             Necr           37%        N/A       2%          4
 Cause Fear               Hex            37%        N/A       2%          4
 Leda's Liquefaction      Hex/Erth       37%        N/A       2%          4
 Petrify                  Tmut/Erth      74%        N/A       2%          4
 Metabolic Englaciation   Hex/Ice        45%        N/A       2%          5
 Shadow Creatures         Summ           N/A        N/A       3%          6
 Agony                    Necr           74%        N/A       6%          5
 Alistair's Intoxication  Tmut/Pois      50%        N/A       6%          5
 Borgnjor's Vile Clutch   Necr/Erth      37%        N/A       6%          5
 Excruciating Wounds      Necr           37%        N/A       6%          5
 Lee's Rapid Deconstruct  Erth           37%        3d19*     6%          5
 Yara's Violent Unravell  Hex/Tmut       37%        3d15      6%          5
 Simulacrum               Ice/Necr       45%        N/A       12%         6
 Malign Gateway           Summ/Tloc      55%        N/A       12%         7
 Monstrous Menagerie      Summ           52%        N/A       19%         7
 Ozocubu's Refrigeration  Ice            51%        4d15      22%         7
 Lehudib's Crystal Spear  Conj/Erth      62%        10d14     22%         8
 Death Channel            Necr           37%        N/A       32%         6
 Eringya's Noxious Bog    Tmut/Pois      37%        N/A       32%         6
 Statue Form              Tmut/Erth      49%        N/A       32%         6
 Haunt                    Necr/Summ      45%        N/A       52%         7
 Disjunction              Tloc           57%        N/A       54%         8
 Dragon Form              Tmut           37%        N/A       88%         7
 Discord                  Hex            37%        N/A       100%        8
 Necromutation            Tmut/Necr      37%        N/A       100%        8
 Chain Lightning          Conj/Air       67%        3d89      65%         9
 Death's Door             Necr           37%        N/A       100%        9
 Dragon's Call            Summ           52%        N/A       100%        9
 Shatter                  Erth           37%        3d29*     100%        9


Dungeon Overview and Level Annotations

Branches:
Dungeon (15/15)            Temple (1/1) D:4            Lair (6/6) D:8
  Swamp (4/4) Lair:2       Spider (4/4) Lair:2        Slime (5/5) Lair:6
    Orc (2/2) D:9             Elf (3/3) Orc:2        Vaults (5/5) D:13
  Crypt (0/3) Vaults:3     Depths (0/5) D:15         Bailey (visited)
 WizLab (visited)

Altars:
Elyvilon
Fedhas
Kikubaaqudgha
Nemelex Xobeh
Okawaru
Ru
Sif Muna
Trog
Uskayaw
Wu Jian
Xom
Yredelemnul
Beogh

Shops:
D:5 [   D:15 (   Orc:2 [=*(   Vaults:3 [[[*   Vaults:4 (


Innate Abilities, Weirdness & Mutations

You have sharp toenails.
You are agile. (Dex +2)
Your body sometimes deteriorates upon taking damage.
You are somewhat resistant to further mutation.


Message History

The vault guard explodes!
The fiery explosion engulfs you. You resist.
The vault guard explodes! x14; The deep elf annihilator explodes!
The fiery explosion engulfs you! You resist.
You are engulfed in blazing flames.
You resist.
You hear a shout!
You hear a roar! x2; You hear a shout! x7
The vault warden unwields a +2 bardiche.
The vault warden wields a +2 arbalest of flaming.
It bursts into flame!
The vault warden shoots a bolt.
The bolt hits you!!
* * * LOW HITPOINT WARNING * * *
Your body deteriorates!
You feel clumsy. The bolt burns you.
* * * LOW HITPOINT WARNING * * *
The yaktaur captain shoots a bolt.
The bolt closely misses you.
The ogre mage zombie is engulfed in blazing flames.
Flame seeps out of the ogre mage zombie.
A necromancer comes into view. It is wielding a +0 dagger.
You feel your dexterity returning.
You have mastered Spellcasting!
Okay, then.
Blink to where?
Press: ? - help, Dir - move target
As you read the scroll of blinking, it crumbles to dust.
You start resting.
A yaktaur captain is nearby!
Casting: Ignition (dangerous; 1% risk of failure)
Confirm with . or Enter, or press ? or * to list all spells.
You can't see any susceptible monsters within range! (Use Z to cast anyway.) Unknown command.
Unknown command.
Casting: Ignition (dangerous; 1% risk of failure)
Confirm with . or Enter, or press ? or * to list all spells.
Casting: Ignition (dangerous; 1% risk of failure)
Press: ? - help, Dir - look around, f - activate You feel a strong surge of power!
The air bursts into flame!
The fireball engulfs the yaktaur captain!
The yaktaur captain is severely wounded.
You hear a shout! x3; You hear a deafening roar!
You hear a bleat!
The yaktaur captain shoots a bolt.
The bolt hits you!!!
You die...

. #....# # Z. #....#.# #
..p#....#.#.#
...Z.....(..#
##Z.)...)○##############
....)<<).☼§.............
....<.)<))§.............
....)<<)))§§............
....).)))c)§....@.......
##....)))§§#############
..p.....)........
...#.......##c...
...#...p#.## #..
#..O.#.# # #....#.. #.)O
#.. #... #..


You could see a yaktaur captain.

Vanquished Creatures
  the Royal Jelly (Slime:5)
  the Lernaean hydra (Swamp:4)
  Saint Roka (Orc:2)
  Nikola (Elf:3)
  Jorgrun (D:13)
  Rupert (Orc:2)
  2 deep elf master archers (Elf:3)
  A moon troll (WizLab)
  2 quicksilver dragons (WizLab)
  3 sphinxes
  Gastronok (Lair:3)
  An ancient champion (Vaults:3)
  3 deep elf blademasters
  Frances (D:13)
  10 tentacled starspawn (WizLab)
  18 acid blobs
  A storm dragon (Vaults:3)
  Kirke (Swamp:2)
  A revenant (Vaults:3)
  Roxanne (Swamp:2)
  12 azure jellies
  12 rockslimes
  A fire giant (Vaults:4)
  6 ghost moths
  A cacodemon (WizLab)
  10 vault wardens
  The ghost of Delamore the Impaler, a journeyman FoFi of Gozag (D:13)
  3 deep elf sorcerers
  3 emperor scorpions (Spider:4)
  3 orc warlords
  5 deep elf elementalists (Elf:3)
  A war gargoyle (Vaults:1)
  5 quicksilver oozes
  Louise (Elf:1)
  10 ironbound preservers
  2 green draconians (Swamp:1)
  9 very ugly things
  5 deep elf demonologists (Elf:3)
  5 stone giants
  5 entropy weavers
  5 dire elephants
  6 bunyips
  10 deep elf annihilators
  A spark wasp (Spider:4)
  2 eleionomae
  A crystal guardian (Vaults:1)
  Josephine (D:13)
  8 yaktaur captains
  A shambling mangrove (Swamp:4)
  Erolcha (D:13)
  28 vault guards
  4 deep elf death magi
  12 great orbs of eyes
  An ice dragon (Lair:4)
  8 ironbound thunderhulks
  20 hydras
  A peacekeeper (Vaults:1)
  3 deep elf high priests
  7 boulder beetles
  7 ironbound frosthearts
  12 centaur warriors
  An ogre mage (D:14)
  3 ghost crabs
  15 alligators
  The ghost of Eronk the Geomancer, a journeyman GrEE of Vehumet (D:13)
  The ghost of Lonelite the Thaumaturge, a journeyman DECj of Kikubaaqudgha (Lair:3)
  25 dancing weapons
  5 death yaks (Lair:5)
  5 two-headed ogres
  3 tengu warriors (D:15)
  An orc high priest (Orc:2)
  A spectral dire elephant (Lair:6)
  8 ironbound beastmasters
  A titan zombie (Vaults:4)
  14 deep elf knights
  A spriggan berserker (Swamp:2)
  5 fire crabs (Lair:4)
  4 goliath frogs
  A skeletal warrior (D:13)
  2 wretched stars (WizLab)
  A spectral anaconda (Lair:6)
  2 spectral death yaks (Lair:6)
  3 starcursed masses (WizLab)
  An obsidian statue (Lair:6)
  17 swamp dragons
  10 glowing orange brains
  9 spriggan druids
  An orange crystal statue (WizLab)
  9 deep elf archers
  39 deep trolls
  9 wizards
  4 bog bodies
  3 phantasmal warriors
  5 harpies (Vaults:1)
  5 necromancers
  14 ironbound convokers
  15 lindwurms
  37 deep elf pyromancers
  9 orc knights
  31 ugly things
  16 orb spiders
  2 orc sorcerers (Orc:2)
  24 deep elf zephyrmancers
  7 shining eyes
  3 cyclopes
  3 oklob plants
  A human zombie (Vaults:4)
  2 will-o-the-wisps
  30 wolf spiders
  A tengu skeleton (Vaults:4)
  2 manticores
  19 elephants (Lair:6)
  4 moths of wrath
  An apocalypse crab (Lair:4)
  A manticore (shapeshifter) (D:8)
  A black mamba (Lair:4)
  Maurice (Orc:2)
  An ice statue (Spider:4)
  A stone giant skeleton (Vaults:4)
  9 vault sentinels
  12 cane toads
  4 centaur skeletons (D:13)
  2 gargoyles
  A torpor snail (shapeshifter) (Elf:2)
  A yaktaur zombie (Vaults:4)
  A kobold demonologist (D:11)
  6 eyes of devastation
  6 torpor snails
  31 yaktaurs
  6 komodo dragons
  4 rime drakes
  8 demonic crawlers
  A freezing wraith (Vaults:3)
  A tengu conjurer (D:15)
  7 trolls
  A polar bear (Lair:5)
  31 jumping spiders
  2 bloated husks (Swamp:2)
  3 meliai (Spider:3)
  A queen bee (Lair:2)
  28 hornets
  6 tyrant leeches
  133 slime creatures
  9 blink frogs
  Prince Ribbit (Lair:2)
  2 dream sheep (Lair:5)
  Sigmund (D:2)
  A spectral elephant (Lair:6)
  A shadow (D:13)
  60 redbacks
  5 wyverns
  16 spriggans
  5 water elementals
  3 air elementals (Elf:3)
  30 tarantellas
  A vampire (D:8)
  6 wraiths
  9 fire elementals
  A basilisk (shapeshifter) (D:15)
  2 basilisks
  63 yaks
  11 golden eyes
  A death yak simulacrum (Lair:6)
  A hog (Swamp:2)
  A steam dragon (D:8)
  A warg (Orc:1)
  17 swamp worms
  3 acid dragons
  A human simulacrum (Vaults:4)
  A human skeleton (Vaults:4)
  15 water moccasins
  An ogre skeleton (Vaults:4)
  9 swamp drakes
  Duvessa (D:4)
  24 orc warriors
  A black bear (Lair:5)
  A sky beast (D:5)
  2 black bears (shapeshifter) (Elf:2)
  2 ice beasts (D:8)
  2 elephant zombies (Lair:6)
  A necrophage (D:5)
  3 boggarts (Vaults:1)
  13 ogres
  25 wolves
  20 centaurs
  4 elephant skeletons (Lair:6)
  A phantom (D:5)
  18 kobold brigands (D:11)
  Blork the orc (D:4)
  12 bullfrogs
  4 gnoll sergeants
  2 scorpions (D:6)
  3 earth elementals
  3 cane toad simulacra (Lair:6)
  Dowan (D:4)
  An elephant simulacrum (Lair:6)
  24 killer bees (Lair:2)
  6 wights
  3 electric eels
  5 howler monkeys
  A bullfrog zombie (D:7)
  2 lava snakes (D:14)
  4 centaur zombies
  20 orc priests
  A hound (D:4)
  7 jellies
  2 bullfrog skeletons
  26 orc wizards
  2 iguanas
  A hound zombie (D:5)
  24 gnolls
  8 adders
  3 white imps (Lair:4)
  An adder skeleton (D:4)
  2 worms
  A dart slug (D:3)
  94 orcs
  4 bats
  8 endoplasms
  3 giant cockroaches (D:1)
  9 goblins
  11 hobgoblins
  12 jackals
  4 quokkas
  3 ball pythons
  6 frilled lizards
  20 kobolds
  2 rats (D:2)
  11 bushes
  4 starspawn tentacles (WizLab)
1794 creatures vanquished.

Vanquished Creatures (collateral kills)
  A ghost moth (Spider:4)
  A hydra (Lair:5)
  3 dancing weapons (Elf:2)
  A deep elf pyromancer (Elf:2)
  A troll (Orc:1)
  A warg (Orc:1)
  An ogre (Orc:1)
  A wolf (Lair:5)
  2 foxfires (Lair:5)
12 creatures vanquished.

Vanquished Creatures (others)
  A deep elf high priest (Elf:2)
  A will-o-the-wisp (Swamp:4)
  2 humans (Swamp:2)
  An orc wizard (Orc:2)
  A butterfly (D:15)
  9 demonic plants (WizLab)
  5 fire vortices (Vaults:4)
  1377 foxfires
  26 fungi
  72 plants
  15 starspawn tentacles (WizLab)
  17 withered plants (Lair:6)
1527 creatures vanquished.

Grand Total: 3333 creatures vanquished

Notes
Turn   | Place    | Note
-------+----------+-------------------------------------------
     0 | D:1      | Conn the Deep Elf Fire Elementalist began the quest for the
                  | Orb.
     0 | D:1      | Reached XP level 1. HP: 10/10 MP: 6/6
   348 | D:1      | Reached XP level 2. HP: 15/15 MP: 2/8
  1310 | D:2      | Reached XP level 3. HP: 19/19 MP: 6/10
  1314 | D:2      | Learned a level 3 spell: Conjure Flame
  1318 | D:2      | Learned a level 3 spell: Inner Flame
  1353 | D:2      | Found a faded altar of an unknown god.
  1680 | D:2      | Noticed Sigmund
  1704 | D:2      | Gained mutation: You have sharp fingernails. [potion of
                  | mutation]
  1704 | D:2      | Gained mutation: You occasionally shout uncontrollably at
                  | your foes. [potion of mutation]
  1704 | D:2      | Gained mutation: Your spells are a little harder to cast,
                  | but a little more powerful. [potion of mutation]
  1704 | D:2      | Gained mutation: You have sharp toenails. [potion of
                  | mutation]
  2110 | D:2      | Reached skill level 4 in Spellcasting
  2585 | D:3      | Reached XP level 4. HP: 18/24 MP: 8/12
  3080 | D:3      | Reached skill level 5 in Spellcasting
  3080 | D:3      | Reached XP level 5. HP: 28/28 MP: 9/14
  3794 | D:4      | Learned a level 4 spell: Sticky Flame
  3850 | D:4      | Identified the +2 short sword of the Nexus {flame, rF-
                  | rCorr Int+5}
  3903 | D:4      | Reached skill level 5 in Fire Magic
  4075 | D:4      | Noticed Blork the orc
  4080 | D:4      | Reached XP level 6. HP: 32/32 MP: 9/16
  4087 | D:4      | Killed Blork the orc
  4088 | D:4      | Reached skill level 6 in Spellcasting
  4370 | D:4      | Found a staircase to the Ecumenical Temple.
  4386 | Temple   | Entered the Ecumenical Temple
  4418 | Temple   | Became a worshipper of Sif Muna the Loreminder
  4824 | D:4      | Reached XP level 7. HP: 36/36 MP: 15/19
  4991 | D:4      | Noticed Dowan
  4993 | D:4      | Noticed Duvessa
  4999 | D:4      | Killed Dowan
  5000 | D:4      | Reached skill level 7 in Spellcasting
  5011 | D:4      | Killed Duvessa
  5523 | D:2      | Learned a level 5 spell: Fireball
  5693 | D:2      | Killed Sigmund
  5822 | D:5      | Entered Level 5 of the Dungeon
  5822 | D:5      | Found Dyuwuits's Antique Armour Shoppe.
  5838 | D:5      | Reached skill level 8 in Spellcasting
  5853 | D:5      | Reached * piety under Sif Muna
  5928 | D:5      | Reached XP level 8. HP: 34/41 MP: 16/22
  5992 | D:5      | Bought an embroidered scarf for 184 gold pieces
  6045 | D:5      | Reached skill level 9 in Spellcasting
  6187 | D:5      | Identified the +3 leather armour of the Raven {rElec
                  | Stlth+}
  6289 | D:5      | Reached skill level 5 in Conjurations
  6540 | D:6      | Reached skill level 10 in Spellcasting
  6674 | D:6      | Learned a level 1 spell: Freeze
  6678 | D:6      | Learned a level 3 spell: Ozocubu's Armour
  6683 | D:6      | Learned a level 4 spell: Hailstorm
  6720 | D:6      | Noticed a cyclops
  6730 | D:6      | Killed a cyclops
  6731 | D:6      | Reached XP level 9. HP: 40/46 MP: 5/25
  6739 | D:6      | Reached skill level 1 in Ice Magic
  6963 | D:6      | Reached skill level 1 in Short Blades
  7638 | D:7      | Found a flagged portal.
  7647 | Bailey   | Entered a bailey
  7660 | Bailey   | Reached ** piety under Sif Muna
  7852 | Bailey   | Noticed an orc knight
  7860 | Bailey   | Killed an orc knight
  7861 | Bailey   | Reached skill level 11 in Spellcasting
  8014 | Bailey   | Found an iron altar of Okawaru.
  8393 | D:7      | Paralysed by a hornet for 1 turns
  8691 | D:7      | Reached XP level 10. HP: 46/51 MP: 23/27
  8982 | D:8      | Identified the +5 glaive of Laceration {antimagic, Str+6
                  | Int+7}
  8987 | D:8      | Reached skill level 1 in Shields
  9303 | D:8      | Reached skill level 1 in Fighting
  9311 | D:8      | Reached skill level 12 in Spellcasting
  9428 | D:8      | Reached *** piety under Sif Muna
  9573 | D:8      | Noticed a manticore
  9581 | D:8      | Killed a manticore
 10034 | D:8      | Found a bloodstained altar of Trog.
 10054 | D:8      | Found a staircase to the Lair.
 10101 | D:8      | Noticed a two-headed ogre
 10119 | D:8      | Killed a two-headed ogre
 10769 | D:9      | Noticed a deep elf pyromancer
 10777 | D:9      | Killed a deep elf pyromancer
 10778 | D:9      | Reached skill level 13 in Spellcasting
 10785 | D:9      | Identified a scroll of acquirement
 10785 | D:9      | Acquired a +2 hat of intelligence
 10911 | D:9      | Found a staircase to the Orcish Mines.
 11047 | D:9      | Reached XP level 11. HP: 56/56 MP: 19/30
 11248 | D:9      | Reached **** piety under Sif Muna
 11718 | D:5      | Bought an ancient ring mail for 207 gold pieces
 11718 | D:5      | Identified the +1 ring mail of the Butterfly {Rampage rF-
                  | Will++ Int+8 Stlth-} (You bought it in a shop on level 5 of
                  | the Dungeon)
 11837 | D:10     | Entered Level 10 of the Dungeon
 11987 | Lair:1   | Entered Level 1 of the Lair of Beasts
 12200 | Lair:1   | Noticed an oklob plant
 12261 | Lair:1   | Killed an oklob plant
 12262 | Lair:1   | Noticed an oklob plant
 12264 | Lair:1   | Killed an oklob plant
 12265 | Lair:1   | Reached skill level 10 in Fire Magic
 12265 | Lair:1   | Reached skill level 1 in Invocations
 13530 | Lair:1   | Reached skill level 14 in Spellcasting
 13845 | Lair:2   | Reached skill level 10 in Conjurations
 14054 | Lair:2   | Reached ***** piety under Sif Muna
 14157 | Lair:2   | Found a hole to the Spider Nest.
 14295 | Lair:2   | Noticed a lindwurm
 14392 | Lair:2   | Found a staircase to the Swamp.
 14392 | Lair:2   | Noticed a bog body
 14393 | Lair:2   | Noticed a bog body
 14399 | Lair:2   | Killed a bog body
 14400 | Lair:2   | Reached XP level 12. HP: 60/60 MP: 7/32
 14425 | Lair:2   | Noticed Prince Ribbit
 14436 | Lair:2   | Killed Prince Ribbit
 14747 | Lair:2   | Noticed a six-headed hydra
 14750 | Lair:2   | Killed a six-headed hydra
 14750 | Lair:2   | Identified Sif Muna's Tome of Stones and Attacks (Sif Muna
                  | gifted it to you on level 2 of the Lair of Beasts)
 14750 | Lair:2   | Received a gift from Sif Muna
 14758 | Lair:2   | Learned a level 5 spell: Iskenderun's Battlesphere
 14766 | Lair:2   | Learned a level 7 spell: Orb of Destruction
 15122 | Lair:2   | Reached skill level 15 in Spellcasting
 16093 | Lair:3   | Found a runed translucent door.
 16096 | Lair:3   | Noticed Lonelite's ghost (journeyman DECj)
 16438 | Lair:3   | Noticed Gastronok
 16445 | Lair:3   | Killed Gastronok
 17016 | Lair:3   | Identified the +8 flail of Patterns {elec, rPois}
 17366 | Lair:3   | Killed Lonelite's ghost
 17482 | Lair:4   | Reached skill level 5 in Invocations
 17627 | Lair:4   | Reached XP level 13. HP: 64/64 MP: 27/34
 17720 | Lair:4   | HP: 3/65 [poisoned by a water moccasin]
 17722 | Lair:4   | HP: 1/65 [poisoned by a water moccasin]
 18292 | Lair:4   | Reached skill level 5 in Dodging
 18299 | Lair:4   | Reached skill level 16 in Spellcasting
 18471 | Lair:4   | You fall into a shaft and drop 2 floors!
 18471 | Lair:6   | Entered Level 6 of the Lair of Beasts
 18494 | Lair:5   | Reached skill level 5 in Shields
 18503 | Lair:5   | Identified Hiakivewani's Grimoire of the Escort and Attacks
                  | (Sif Muna gifted it to you on level 5 of the Lair of
                  | Beasts)
 18503 | Lair:5   | Received a gift from Sif Muna
 18529 | Lair:5   | Reached skill level 5 in Stealth
 19350 | Lair:4   | Found a runed translucent door.
 19923 | Lair:4   | Noticed an entropy weaver
 19948 | Lair:4   | Killed an entropy weaver
 20526 | Lair:4   | Noticed an entropy weaver
 20529 | Lair:4   | Killed an entropy weaver
 20582 | Lair:4   | Reached skill level 17 in Spellcasting
 20587 | Lair:4   | Noticed an entropy weaver
 20597 | Lair:4   | Killed an entropy weaver
 20931 | Lair:4   | Learned a level 2 spell: Blink
 20939 | Lair:4   | Learned a level 7 spell: Spellforged Servitor
 21110 | Lair:5   | Reached skill level 1 in Translocations
 21110 | Lair:5   | Reached XP level 14. HP: 71/71 MP: 13/37
 21126 | Lair:5   | Reached skill level 1 in Summonings
 21645 | Lair:5   | Identified the +1 ring mail of the End {Harm rElec rF-
                  | MP-9}
 23015 | Lair:6   | Identified Sif Muna's Disquisition on Confrontation (Sif
                  | Muna gifted it to you on level 6 of the Lair of Beasts)
 23015 | Lair:6   | Received a gift from Sif Muna
 23324 | Lair:6   | Found a staircase to the Slime Pits.
 23461 | Lair:6   | Reached skill level 1 in Maces & Flails
 24354 | Lair:6   | Reached skill level 18 in Spellcasting
 25261 | Orc:1    | Entered Level 1 of the Orcish Mines
 25386 | Orc:2    | Entered Level 2 of the Orcish Mines
 25448 | Orc:2    | Noticed an orc warlord
 25455 | Orc:2    | Killed an orc warlord
 25825 | Orc:2    | Found a staircase to the Elven Halls.
 25977 | Orc:2    | Noticed Saint Roka
 26266 | Orc:2    | Reached XP level 15. HP: 48/76 MP: 28/39
 26269 | Orc:2    | Killed Saint Roka
 26518 | Orc:2    | Identified Sif Muna's Tome of Unholy Attacks (Sif Muna
                  | gifted it to you on level 2 of the Orcish Mines)
 26518 | Orc:2    | Received a gift from Sif Muna
 26519 | Orc:2    | Reached skill level 1 in Armour
 26723 | Orc:2    | Noticed Rupert
 26772 | Orc:2    | Killed Rupert
 26773 | Orc:2    | Reached skill level 5 in Summonings
 27322 | Orc:2    | Found Jiclyih's Antique Armour Emporium.
 27329 | Orc:2    | Bought a pair of runed boots for 180 gold pieces
 27352 | Orc:2    | Found Orash's Jewellery Emporium.
 27396 | Orc:2    | Noticed Maurice
 27412 | Orc:2    | Killed Maurice
 27900 | Orc:2    | Found Nyikergh's Antique Weapon Emporium.
 27907 | Orc:2    | Bought a fine scimitar for 270 gold pieces
 27907 | Orc:2    | Identified the +6 scimitar "Seremaz" {speed, rElec rN+
                  | Dex-2} (You bought it in a shop on level 2 of the Orcish
                  | Mines)
 27918 | Orc:2    | Found Wonun's General Store.
 28484 | D:9      | Learned a level 3 spell: Mephitic Cloud
 29873 | D:11     | Identified Sowul's Compendium of Earthen Confrontation (Sif
                  | Muna gifted it to you on level 11 of the Dungeon)
 29873 | D:11     | Received a gift from Sif Muna
 31538 | D:13     | Noticed Josephine
 31541 | D:13     | Killed Josephine
 31796 | D:13     | Noticed Frances
 31801 | D:13     | Killed Frances
 31802 | D:13     | Reached skill level 19 in Spellcasting
 31822 | D:13     | Noticed Jorgrun
 31831 | D:13     | Killed Jorgrun
 31946 | D:13     | Noticed Erolcha
 31950 | D:13     | Killed Erolcha
 32616 | D:13     | Identified the -5 pair of boots "Neas" {+Inv rElec Will++
                  | Dex-2}
 32740 | D:13     | Found a gate to the Vaults.
 32759 | D:13     | Found a runed translucent gate.
 32759 | D:13     | Found a runed translucent gate.
 32759 | D:13     | Found a runed translucent gate.
 32766 | D:13     | Noticed Delamore's ghost (journeyman FoFi)
 32766 | D:13     | Noticed Eronk's ghost (journeyman GrEE)
 32776 | D:13     | Killed Delamore's ghost
 32780 | D:13     | Killed Eronk's ghost
 33026 | D:13     | Reached XP level 16. HP: 80/80 MP: 30/41
 34700 | D:15     | Entered Level 15 of the Dungeon
 34788 | D:15     | Found Beajery's Antique Weapon Shop.
 35077 | D:15     | Found a white marble altar of Elyvilon.
 35091 | D:15     | Identified Sif Muna's Compendium of Confrontation (Sif Muna
                  | gifted it to you on level 15 of the Dungeon)
 35091 | D:15     | Received a gift from Sif Muna
 35120 | D:15     | Learned a level 4 spell: Airstrike
 35469 | D:15     | Found a staircase to the Depths.
 35579 | D:15     | Reached skill level 1 in Air Magic
 35857 | Spider:1 | Entered Level 1 of the Spider Nest
 35876 | Spider:1 | Identified the +9 rapier "Voellic" {vorpal, +Blink rPois
                  | rC+}
 35888 | Spider:1 | Reached skill level 15 in Conjurations
 37289 | Spider:2 | Reached skill level 15 in Fire Magic
 37452 | Spider:2 | Reached skill level 5 in Armour
 38260 | Spider:2 | Reached skill level 20 in Spellcasting
 38428 | Spider:2 | Identified Sif Muna's Disquisition on Torrid Transmigration
                  | (Sif Muna gifted it to you on level 2 of the Spider Nest)
 38428 | Spider:2 | Received a gift from Sif Muna
 38439 | Spider:2 | Learned a level 8 spell: Ignition
 39710 | Orc:2    | Bought an embroidered cloak for 180 gold pieces
 39858 | Swamp:1  | Entered Level 1 of the Swamp
 39875 | Swamp:1  | Reached skill level 5 in Translocations
 40371 | Swamp:1  | Reached XP level 17. HP: 85/85 MP: 10/43
 40496 | Swamp:1  | Identified the +11 mace of the Establishment {freeze, rN+
                  | Str+5 Dex-3}
 41407 | Swamp:2  | Noticed Kirke
 41669 | Swamp:2  | Killed Kirke
 41903 | Swamp:2  | Noticed Roxanne
 42154 | Swamp:2  | Reached skill level 5 in Air Magic
 42401 | Swamp:2  | Received a gift from Sif Muna
 42901 | Swamp:2  | Killed Roxanne
 43870 | Swamp:4  | Entered Level 4 of the Swamp
 45265 | Swamp:4  | Reached skill level 21 in Spellcasting
 45267 | Swamp:4  | Noticed the 27-headed Lernaean hydra
 45274 | Swamp:4  | Killed the 27-headed Lernaean hydra
 45296 | Swamp:4  | Reached XP level 18. HP: 49/91 MP: 1/45
 45621 | Swamp:4  | Got a decaying rune of Zot
 46927 | Spider:4 | Entered Level 4 of the Spider Nest
 46934 | Spider:4 | Identified Sif Muna's Incunabulum of Ashen Arcane Weapons
                  | (Sif Muna gifted it to you on level 4 of the Spider Nest)
 46934 | Spider:4 | Received a gift from Sif Muna
 49741 | Spider:4 | Identified Jataedgh's Compendium of Calling and Sinister
                  | Arts (Sif Muna gifted it to you on level 4 of the Spider
                  | Nest)
 49741 | Spider:4 | Received a gift from Sif Muna
 50140 | Spider:4 | Got a gossamer rune of Zot
 50480 | Orc:2    | Bought a ring of protection from fire for 300 gold pieces
 50555 | Elf:1    | Entered Level 1 of the Elven Halls
 50555 | Elf:1    | Noticed Louise
 50566 | Elf:1    | Killed Louise
 52015 | Elf:1    | Reached skill level 22 in Spellcasting
 52232 | Elf:1    | Identified the Catalogue of Confrontation
 52239 | Elf:1    | Learned a level 4 spell: Iskenderun's Mystic Blast
 52615 | Elf:1    | Reached XP level 19. HP: 96/96 MP: 38/47
 53381 | Elf:2    | Found a runed translucent gate.
 53381 | Elf:2    | Found a runed translucent gate.
 53381 | Elf:2    | Found a runed translucent gate.
 55145 | Elf:3    | Entered Level 3 of the Elven Halls
 55427 | Elf:3    | Found an ancient bone altar of Kikubaaqudgha.
 56169 | Elf:3    | Reached skill level 23 in Spellcasting
 56314 | Elf:3    | Identified Sif Muna's Volume of the Minstrel (Sif Muna
                  | gifted it to you on level 3 of the Elven Halls)
 56314 | Elf:3    | Received a gift from Sif Muna
 56590 | Elf:3    | Identified the +7 rapier of Experimentation {speed, rF+}
 57172 | Elf:3    | Identified the Collected Works on Supportive Dark Magic
 57184 | Elf:3    | Identified Taunit's Catalogue of Blistering Confrontation
 57188 | Elf:3    | Found the +6 shillelagh "Devastator" {shatter}
 57212 | Elf:3    | Identified the Handbook of Mutagenic Dark Rituals
 57262 | Elf:3    | Found the +9 scales of the Dragon King {rPois rF+ rC+
                  | Will+}
 57264 | Elf:3    | Identified Sif Muna's Tome of Poisoning and the Escort
 57528 | Elf:3    | Noticed Nikola
 57543 | Elf:3    | Killed Nikola
 58364 | Slime:1  | Entered Level 1 of the Pits of Slime
 58368 | Slime:1  | Reached XP level 20. HP: 101/101 MP: 32/49
 59959 | Slime:3  | Identified Herch's Reference Book on Flight and Venom (Sif
                  | Muna gifted it to you on level 3 of the Pits of Slime)
 59959 | Slime:3  | Received a gift from Sif Muna
 59961 | Slime:3  | Reached skill level 24 in Spellcasting
 60542 | Slime:5  | Entered Level 5 of the Pits of Slime
 60546 | Slime:5  | Reached skill level 5 in Ice Magic
 61072 | Slime:5  | Noticed the Royal Jelly
 61083 | Slime:5  | Killed the Royal Jelly
 61309 | Slime:5  | Identified the +2 pair of gloves of Axtuic {-Tele rN++
                  | Int+6}
 61344 | Slime:5  | Got a slimy rune of Zot
 61872 | Slime:4  | Gained mutation: Your body sometimes deteriorates upon
                  | taking damage. [a shining eye]
 62332 | Slime:1  | Gained mutation: You are clumsy. (Dex -2) [a shining eye]
 62339 | Slime:1  | Identified Sif Muna's Disquisition on Warped Arcane Weapons
                  | (Sif Muna gifted it to you on level 1 of the Pits of Slime)
 62339 | Slime:1  | Received a gift from Sif Muna
 62570 | Slime:1  | Reached XP level 21. HP: 106/106 MP: 37/51
 64147 | Vaults:1 | Entered Level 1 of the Vaults
 64492 | Vaults:1 | Reached skill level 25 in Spellcasting
 64507 | Vaults:1 | Found a magical portal.
 64516 | WizLab   | Entered Lehudib's Moon Base
 65819 | WizLab   | Gained mutation: You are somewhat resistant to further
                  | mutation. [a neqoxec]
 65901 | WizLab   | Identified the ring of Perfectionism {rElec rN+++ Will-
                  | Int+6 Slay+5}
 66508 | WizLab   | Found a transporter.
 67529 | WizLab   | Found a transporter.
 67975 | WizLab   | Identified the +3 troll leather armour "Lewuj" {rElec
                  | Regen+ Str+6 Dex-5 Slay+3}
 68442 | WizLab   | Identified the ring of Tileuw {rPois rF+ Int+6}
 68527 | WizLab   | Identified Lehudib's Tome of the Excruciating Mountains
 68584 | Vaults:1 | Upgraded the game from 0.27-a0-1290-g15d3ce7508 to
                  | 0.27-a0-1296-g8ece459b43
 68835 | Vaults:1 | Received a gift from Sif Muna
 70879 | Vaults:2 | Reached XP level 22. HP: 111/111 MP: 36/53
 71426 | Vaults:2 | Reached skill level 26 in Spellcasting
 72088 | Vaults:2 | Learned a level 9 spell: Fire Storm
 72502 | Vaults:3 | Found Dydywuwk's Antique Armour Shoppe.
 72513 | Vaults:3 | Found Raecwod's Armour Shop.
 72998 | Vaults:3 | Bought an ichor-stained chain mail for 275 gold pieces
 72998 | Vaults:3 | Identified the +2 chain mail of Kleptomania {Dex+2} (You
                  | bought it in a shop on level 3 of the Vaults)
 73166 | Vaults:3 | Found Fasoalan's Antique Armour Shop.
 73171 | Vaults:3 | Bought a warped ring mail for 234 gold pieces
 73171 | Vaults:3 | Identified the +4 ring mail of Gluttony {Dex+5 Stlth-} (You
                  | bought it in a shop on level 3 of the Vaults)
 73227 | Vaults:3 | Identified Sif Muna's Almanac of Supportive Ignition (Sif
                  | Muna gifted it to you on level 3 of the Vaults)
 73227 | Vaults:3 | Received a gift from Sif Muna
 74223 | Vaults:3 | Found Garoroor's General Store.
 74234 | Vaults:3 | Bought a scroll of teleportation for 51 gold pieces
 74234 | Vaults:3 | Bought a potion of mutation for 136 gold pieces
 74236 | Vaults:3 | Lost mutation: Your spells are a little harder to cast, but
                  | a little more powerful. [potion of mutation]
 74236 | Vaults:3 | Lost mutation: You are clumsy. (Dex -2) [potion of
                  | mutation]
 75354 | Vaults:3 | Found a staircase to the Crypt.
 76083 | Vaults:4 | Identified Gafujevo's Papyrus of Bewitching Confrontation
                  | (Sif Muna gifted it to you on level 4 of the Vaults)
 76083 | Vaults:4 | Received a gift from Sif Muna
 76316 | Vaults:4 | Reached XP level 23. HP: 88/115 MP: 6/55
 76573 | Vaults:4 | Found Siegonk's Weapon Boutique.
 77538 | Vaults:4 | Lost mutation: You have sharp fingernails. [potion of
                  | mutation]
 77538 | Vaults:4 | Lost mutation: Your body sometimes deteriorates upon taking
                  | damage. [potion of mutation]
 77538 | Vaults:4 | Lost mutation: You occasionally shout uncontrollably at
                  | your foes. [potion of mutation]
 77538 | Vaults:4 | Gained mutation: Your body sometimes deteriorates upon
                  | taking damage. [potion of mutation]
 77538 | Vaults:4 | Gained mutation: You are agile. (Dex +2) [potion of
                  | mutation]
 77558 | Vaults:5 | Entered Level 5 of the Vaults
 77564 | Vaults:5 | Reached skill level 27 in Spellcasting
 77570 | Vaults:5 | Shot with a bolt by a yaktaur captain

Illustrated notes

Levels and vault maps discovered:
D:1:      scummos_arrival_checkerplants, layout_basic
D:2:      minmay_general_purpose_star, layout_loops_ring,
          basic_ecumenical_altar, uniq_sigmund
D:3:      layout_loops_ring
D:4:      layout_basic, minmay_temple_entry_tees, serial_bayou_lake_a,
          uniq_blork_the_orc, uniq_duvessa
D:5:      layout_rooms, serial_shops, shop
D:6:      layout_rooms
D:7:      layout_basic, lightli_bailey_entry_fortress
D:8:      cheibrodos_fzero, layout_gridville, lemuel_tele_altar,
          dpeg_oklobed_lair, centaur_isle
D:9:      layout_rooms, orc_0_dummy
D:10:     layout_basic
D:11:     layout_loops_ring, special_room [special_room_kobold]
D:12:     layout_long_grid
D:13:     layout_cave_pods, hangedman_vaults_entry_quadrant_bands,
          gammafunk_ghost_cemetery, grunt_decor_cap, uniq_josephine,
          uniq_erolcha, uniq_frances, uniq_jorgrun
D:14:     layout_irregular_city, kennysheep_boxes
D:15:     grunt_enter_depths_snipers, layout_loops_ring, serial_shops,
          nicolae_shop_behind_doors, nicolae_elyvilon_peaceful_grove
Temple:   compressed_dpeg_circular_temple
Lair:1:   layout_cave_pods, minmay_lair_oklob_chamber, grunt_megastairs_4
Lair:2:   layout_layer_cave, skrybe_swamp_entry_bodies,
          spider_nest_entry_funnel_web, special_room [special_room_bee],
          small_statue_intersection, minmay_lindwurm_lava, lemuel_fruit_tree,
          uniq_prince_ribbit2
Lair:3:   layout_loops_ring, hellmonk_ghost_happy_afterlife, wad_woods_06,
          minmay_lair_oklob_items, uniq_gastronok
Lair:4:   gammafunk_mikee_crab_dinner, layout_regular_city,
          bobbens_ice_dragon_lair
Lair:5:   layout_gridlike, minivault_26, chequers_serial_rivers_large_b,
          serial_bayou_lagoon_b
Lair:6:   due_jungle_book, layout_misc_corridors, minmay_slime_entry_pillars
Swamp:1:  layout_basic_swamp, evilmike_swamp_ruin_wall, swamp_pool2,
          hangedman_swamp_dais
Swamp:2:  cheibrodos_swamp_heart_of_darkness, layout_basic_swamp,
          evilmike_swamp_ruin_rubble_2, uniq_kirke, uniq_roxanne
Swamp:3:  layout_falls_marsh, evilmike_swamp_ruin_rubble_1, swamp_pool1
Swamp:4:  swamp_old_school, layout_basic_swamp, swamp_pool1
Spider:1: layout_spider_delve
Spider:2: layout_spider_delve, nicolae_spider_twisty_arc_passages
Spider:3: layout_spider_delve
Spider:4: spider_rune_water, portal_ice_cave_entry_ice_statue_one
Slime:1:  layout_caves
Slime:2:  layout_caves
Slime:3:  layout_caves
Slime:4:  layout_caves
Slime:5
Orc:1:    layout_caves, basic_altar
Orc:2:    grunt_orc_cross, layout_diamond_mine, uniq_rupert, uniq_maurice
Elf:1:    layout_geoelf_grid, minmay_elf_crystal_heptagon,
          minmay_elf_annihilation, uniq_louise
Elf:2:    layout_loops_ring, lemuel_flame_loot_1
Elf:3:    elf_hall, layout_geoelf_castle, basic_altar,
          hangedman_elf_simple_split, grunt_ministairs_14, uniq_nikola
Vaults:1: nicolae_vaults_big_ls, vaults_room_grunt_arrival_ludios,
          vaults_mumra_hex, vaults_room_fours, hangedman_vaults_river_flow,
          ontoclasm_vaults_chip, st_squares, v_misc_8, ontoclasm_vaults_hangar,
          v_misc_25, layout_vaults_omnicross, mu_enter_wizlab_4
Vaults:2: v_rooms_1, v_misc_5, vaults_mumra_hexcomb, v_misc_16,
          ontoclasm_vaults_fault, nicolae_vaults_border_crossing,
          ontoclasm_vaults_gateway, vaults_dpeg_hooks, layout_vaults_big_room
Vaults:3: nicolae_vaults_alarming, vaults_dpeg_ring, hangedman_vaults_hat,
          nicolae_vaults_little_squares_2, nicolae_vaults_specimen_jars,
          nicolae_vaults_windows_and_doors_thing, v_pattern_5,
          minmay_crypt_entry_simple_box, vaults_room_door_ring,
          nicolae_vaults_asterisk, nicolae_vaults_what_the_h,
          ontoclasm_vaults_ligature, layout_vaults_omnigrid, serial_shops, shop,
          nicolae_shop_trees, shop, nicolae_shop_trees
Vaults:4: ontoclasm_vaults_spin, v_misc_23, v_misc_25, hangedman_vaults_pinch,
          v_misc_2, nicolae_vaults_network_s, v_misc_27, vaults_room_octagon,
          hangedman_vaults_cutoff, grunt_vaults_focal,
          ontoclasm_vaults_ring_large, vaults_room_fancy_cross,
          layout_vaults_maze_bifur, serial_shops, shop
Vaults:5: uniq_bai_suzhen

Skill      XL: |  1  2  3  4  5  6  7  8  9 10 11 12 13 14 15 16 17 18 19 20 21 22 23 |
---------------+----------------------------------------------------------------------+-----
Fire Magic     | 4 5 6 7 8 9 10 12 13 14 15 16 17 18 20 21 22 | 22.3
Spellcasting   | 4 5 6 8 10 11 13 14 15 17 18 19 20 21 22 23 24 25 26 27 | 27.0
Stealth        | 3 4 5 6 |  6.7
Conjurations   | 2 3 4 6 7 9 10 11 12 13 14 15 16 17 18 20 | 20.6
Dodging        | 3 4 5 6 7 8 9 |  9.1
Ice Magic      | 2 4 5 |  5.1
Short Blades   | 2 3 4 |  4.1
Shields        | 2 3 4 5 6 7 |  7.0
Fighting       | 1 2 3 |  3.6
Invocations    | 2 5 6 7 8 |  8.0
Translocations | 1 4 5 6 7 |  7.6
Summonings     | 4 5 |  5.6
Maces & Flails | 1 2 |  2.8
Armour         | 3 5 7 |  7.5
Air Magic      | 4 5 6 |  6.3
Staves         | |  0.9
Evocations     | |  0.1

Action                   |  1- 3 |  4- 6 |  7- 9 | 10-12 | 13-15 | 16-18 | 19-21 | 22-24 || total
-------------------------+-------+-------+-------+-------+-------+-------+-------+-------++-------
Melee: Unarmed           |     5 |       |       |       |       |       |       |       ||     5
       Morningstar       |       |    12 |       |       |       |       |       |       ||    12
       Kick              |       |     1 |       |       |       |       |       |       ||     1
       Short sword       |       |    10 |    12 |    30 |       |       |    39 |       ||    91
       Flail             |       |       |       |     5 |   111 |    10 |       |       ||   126
       Rapier            |       |       |       |       |       |   114 |     6 |       ||   120
       Staff             |       |       |       |       |       |       |     6 |    20 ||    26
 Cast: Foxfire           |   110 |   116 |   148 |   144 |   140 |    74 |    16 |    19 ||   767
       Conjure Flame     |     1 |     1 |     1 |     1 |     4 |       |       |       ||     8
       Sticky Flame      |       |     4 |     9 |    34 |    75 |    78 |    18 |     4 ||   222
       Fireball          |       |       |    13 |    99 |   242 |   296 |   118 |   111 ||   879
       Ozocubu's Armour  |       |       |     1 |       |     4 |       |     1 |       ||     6
       Inner Flame       |       |       |       |     1 |       |       |       |       ||     1
       Iskenderun's Batt |       |       |       |     2 |     3 |       |       |       ||     5
       Hailstorm         |       |       |       |     1 |    10 |     7 |     4 |       ||    22
       Orb of Destructio |       |       |       |     1 |    17 |   107 |   218 |    45 ||   388
       Spellforged Servi |       |       |       |       |     2 |     2 |     3 |       ||     7
       Blink             |       |       |       |       |     9 |    25 |    28 |     3 ||    65
       Mephitic Cloud    |       |       |       |       |     1 |     3 |       |     2 ||     6
       Freeze            |       |       |       |       |       |    10 |     1 |       ||    11
       Airstrike         |       |       |       |       |       |    13 |    21 |       ||    34
       Ignition          |       |       |       |       |       |    13 |    51 |     8 ||    72
       Iskenderun's Myst |       |       |       |       |       |       |    25 |    13 ||    38
       Fire Storm        |       |       |       |       |       |       |       |    10 ||    10
Invok: Channel Magic     |       |       |       |       |     2 |    10 |     7 |     1 ||    20
Evoke: Wand              |       |       |       |     1 |     1 |     2 |     3 |     1 ||     8
       Condenser vane    |       |       |       |       |     1 |       |       |       ||     1
  Use: Scroll            |     3 |     6 |     3 |     8 |     6 |     5 |     5 |     2 ||    38
       Potion            |     2 |     4 |     3 |       |     8 |    10 |     4 |     7 ||    38
 Stab: Sleeping          |       |       |     3 |     2 |       |     2 |     1 |       ||     8
Armor: Robe              |     1 |    13 |    24 |    25 |    86 |    95 |    11 |     4 ||   259
       Ring mail         |       |       |       |       |    18 |    61 |       |       ||    79
Dodge: Dodged            |    11 |    27 |    51 |    57 |   141 |   182 |    58 |    28 ||   555
Block: Other             |     2 |     9 |    19 |       |       |       |       |       ||    30
       Buckler           |       |       |     5 |    55 |   142 |   195 |    52 |    34 ||   483
       Reflection        |       |       |     1 |     7 |    14 |     9 |     7 |    16 ||    54

Table legend: (Time is in decaauts)
 A = Elapsed time spent in this place.
 B = Non-inter-level travel time spent in this place.
 C = Inter-level travel time spent in this place.
 D = Time resting spent in this place.
 E = Time spent auto-exploring this place.
 F = Levels seen in this place.
 G = Mean time per level.
                   A        B        C        D        E       F      G
               +--------+--------+--------+--------+--------+-----+--------+
         Total |  78217 |  75081 |   3136 |  22969 |  35050 |  47 | 1664.2 |
       Dungeon |  19212 |  17827 |   1385 |   2711 |  10150 |  15 | 1280.8 |
        Temple |    230 |    215 |     15 |    165 |     23 |   1 |  230.0 |
          Lair |  14061 |  13194 |    867 |   4270 |   6429 |   6 | 2343.5 |
         Swamp |   6275 |   6071 |    204 |   1865 |   2943 |   4 | 1568.8 |
   Spider Nest |   7975 |   7709 |    266 |   3561 |   2735 |   4 | 1993.8 |
    Slime Pits |   5530 |   5530 |      0 |   2071 |   2050 |   5 | 1106.0 |
  Orcish Mines |   3662 |   3507 |    155 |   1179 |   1343 |   2 | 1831.0 |
   Elven Halls |   7352 |   7162 |    190 |   1945 |   3895 |   3 | 2450.7 |
        Vaults |   9383 |   9331 |     52 |   3116 |   4057 |   5 | 1876.6 |
        Bailey |    490 |    490 |      0 |    132 |    106 |   1 |  490.0 |
        Wizlab |   4041 |   4041 |      0 |   1954 |   1317 |   1 | 4041.0 |
               +--------+--------+--------+--------+--------+-----+--------+

Top non-repeatable levels by time:
  WizLab: 4041 daAuts
  Lair:4: 3084 daAuts
Vaults:3: 3010 daAuts
  Lair:6: 2827 daAuts
   Elf:3: 2814 daAuts
   Elf:1: 2570 daAuts
  Lair:2: 2480 daAuts
Spider:2: 2345 daAuts
Vaults:2: 2296 daAuts
  Lair:1: 2159 daAuts
   Orc:2: 2116 daAuts
Spider:4: 2081 daAuts
Vaults:4: 2054 daAuts
Spider:3: 2045 daAuts
Vaults:1: 2010 daAuts
